 Dungeon Crawl Stone Soup version 0.23-a0-582-g1b4a0ca (webtiles) character file.

282 Leeroy the Charmwright (level 6, -6/50 HPs)
             Began as a Gnoll Skald on Dec 16, 2018.
             Killed by nerve-wracking pain
             ... invoked by Menkaure
              (13 damage)
             ... on level 4 of the Dungeon.
             The game lasted 00:09:33 (2977 turns).

Leeroy the Charmwright (Gnoll Skald)                Turns: 2977, Time: 00:09:34

Health: -6/50      AC:  6    Str: 14    XL:     6   Next: 28%
Magic:  14/14      EV: 13    Int: 15    God:
Gold:   221        SH:  4    Dex: 16    Spells: 4/15 levels left

rFire    . . .     SeeInvis .   a - +0 falchion
rCold    . . .     Gourm    .   r - +0 buckler
rNeg     . . .     Faith    .   B - +0 ring mail
rPois    .         Spirit   .   (no helmet)
rElec    .         Reflect  .   (no cloak)
rCorr    .         Harm     .   k - +0 pair of gloves
MR       .....                  (no boots)
Stlth    +.........             (no amulet)
HPRegen  0.16/turn              (no ring)
MPRegen  0.14/turn              (no ring)

@: no status effects
A: distributed training, fangs 1, strong nose
a: no special abilities


You were on level 4 of the Dungeon.
You were not hungry.

You visited 1 branch of the dungeon, and saw 4 of its levels.

You collected 221 gold pieces.

Inventory:

Hand Weapons
 a - a +0 falchion (weapon)
 j - a +0 spear
 m - a +0 short sword
 n - a +0 hand axe
 p - a +0 club
 s - a +0 dagger
 v - a +1 mace of venom
 y - a +1 mace of protection
 F - a +0 halberd
Missiles
 c - 37 bolts
 e - 14 poisoned needles
 g - 105 stones (quivered)
 i - 7 javelins
 D - 3 tomahawks
 E - 33 arrows
Armour
 b - a +0 leather armour
 k - a +0 pair of gloves (worn)
 r - a +0 buckler (worn)
 t - a +0 chain mail
 B - a +0 ring mail (worn)
 C - a +1 chain mail of poison resistance
Scrolls
 q - a scroll of amnesia
Potions
 f - a potion of brilliance {unknown}
 h - 2 potions of heal wounds {unknown}
 l - a potion of cancellation {unknown}
 o - a potion of flight {unknown}
 u - a potion of agility {unknown}
 x - a potion of berserk rage {unknown}
 z - a potion of curing {unknown}
 A - a potion of invisibility {unknown}
Comestibles
 d - 8 rations
 H - 2 chunks of flesh


   Skills:
 + Level 4.9 Fighting
 + Level 1.8 Short Blades
 + Level 4.9 Long Blades
 + Level 1.8 Axes
 + Level 1.8 Maces & Flails
 + Level 1.8 Polearms
 + Level 1.8 Staves
 + Level 1.8 Slings
 + Level 1.8 Bows
 + Level 1.8 Crossbows
 + Level 1.8 Throwing
 + Level 3.2 Armour
 + Level 4.9 Dodging
 + Level 1.8 Stealth
 + Level 1.8 Shields
 + Level 1.8 Unarmed Combat
 + Level 5.3 Spellcasting
 + Level 1.4 Conjurations
 + Level 1.4 Hexes
 + Level 5.6 Charms
 + Level 1.4 Summonings
 + Level 1.4 Necromancy
 + Level 1.4 Translocations
 + Level 1.4 Transmutations
 + Level 1.4 Fire Magic
 + Level 1.4 Ice Magic
 + Level 1.4 Air Magic
 + Level 1.4 Earth Magic
 + Level 1.4 Poison Magic
 + Level 2.0 Invocations
 + Level 1.8 Evocations


You had 4 spell levels left.
You knew the following spells:

 Your Spells              Type           Power        Failure   Level  Hunger
a - Infusion              Chrm           ###.         4%          1    None
b - Song of Slaying       Chrm           ###.....     6%          2    #......
c - Shroud of Golubria    Chrm/Tloc      ##........   14%         2    #......
d - Regeneration          Chrm/Necr      ##........   28%         3    ###....
e - Spectral Weapon       Hex/Chrm       ##......     28%         3    ###....

Your spell library contained the following spells:

 Spells                   Type           Power        Failure   Level  Hunger


Dungeon Overview and Level Annotations

Branches:
Dungeon (4/15)
 Temple: D:4-7

Altars:

Annotations:
D:4 Menkaure


Innate Abilities, Weirdness & Mutations

Your experience applies equally to all skills.
You have very sharp teeth.
Your uncanny sense of smell can sniff out nearby items.


Message History

It was a scroll of magic mapping.
Menkaure closely misses you. The orc hits you with a +0 war axe.
* * * LOW HITPOINT WARNING * * *
Grinder says, "Tell me all your secrets, or I'll kill you."
Unknown command.
Menkaure hits you.
* * * LOW HITPOINT WARNING * * *
Menkaure's bandages flutter.
Grinder blinks!
Menkaure calls on the powers of darkness!
The orc convulses!
Your body is wracked with pain!
* * * LOW HITPOINT WARNING * * *
Grinder says, "Just stop there for a second..."
Grinder gestures at you.
You barely resist.
Your magical contamination has completely faded away.
Grinder falls through a shaft!
The shaft crumbles and collapses.
Menkaure points at you and mumbles some strange words.
Pain shoots through your body!
You die...

....##
######..##.#.#*,,,,,,,,,*,
.##.### #**
#..##.#M#*,,,,,,,,,*,
.##..<#
#.####....#.#*,,,∆,,,,,,,
....###
#......##.#.#*,,,,,,,,,,,
....#
#.##.#.##.#.#******,,,,,,
....# *,*#....#.#.#####
*******
....#*###.##.#..#.#.#...#
######.........M........#
#########o#@##.....#*******
##.............,,,**
#.#.#.......##**,,,
#.#.#.....#.#***,,,
#.#.......#...,*,,,
#.##......#,..s,,,,
#..........,,..,,,,
###*..#****,,,,,,,, *,>*
****,,,,,


You could see Menkaure.

Vanquished Creatures
  A hound (D:4)
  A bullfrog skeleton (D:4)
  Jessica (D:3)
  A hound skeleton (D:2)
  8 adders
  3 gnolls (D:3)
  A worm (D:2)
  A dart slug (D:1)
  A leopard gecko (D:3)
  5 orcs (D:3)
  A ball python (D:2)
  11 bats
  4 giant cockroaches
  6 goblins
  11 hobgoblins
  2 jackals (D:1)
  3 quokkas
  7 frilled lizards
  2 kobolds (D:1)
  A leopard gecko skeleton (D:4)
  A quokka skeleton (D:4)
  11 rats
83 creatures vanquished.

Notes
Turn   | Place    | Note
-------+----------+-------------------------------------------
     0 | D:1      | Leeroy the Gnoll Skald began the quest for the Orb.
     0 | D:1      | Reached XP level 1. HP: 20/20 MP: 6/6
   223 | D:1      | Reached XP level 2. HP: 26/26 MP: 7/7
   233 | D:1      | Learned a level 2 spell: Song of Slaying
   236 | D:1      | Learned a level 2 spell: Shroud of Golubria
   377 | D:1      | Reached XP level 3. HP: 25/31 MP: 9/9
   641 | D:1      | Reached skill level 5 in Spellcasting
   649 | D:1      | Learned a level 3 spell: Regeneration
   653 | D:1      | Learned a level 3 spell: Spectral Weapon
   887 | D:2      | Reached skill level 1 in Invocations
  1003 | D:2      | Reached skill level 1 in Short Blades
  1003 | D:2      | Reached skill level 1 in Axes
  1003 | D:2      | Reached skill level 1 in Maces & Flails
  1003 | D:2      | Reached skill level 1 in Polearms
  1003 | D:2      | Reached skill level 1 in Staves
  1003 | D:2      | Reached skill level 1 in Slings
  1003 | D:2      | Reached skill level 1 in Bows
  1003 | D:2      | Reached skill level 1 in Crossbows
  1003 | D:2      | Reached skill level 1 in Throwing
  1003 | D:2      | Reached skill level 1 in Stealth
  1003 | D:2      | Reached skill level 1 in Shields
  1003 | D:2      | Reached skill level 1 in Unarmed Combat
  1003 | D:2      | Reached skill level 1 in Evocations
  1003 | D:2      | Reached XP level 4. HP: 19/38 MP: 11/11
  1138 | D:2      | Reached skill level 1 in Conjurations
  1138 | D:2      | Reached skill level 1 in Hexes
  1138 | D:2      | Reached skill level 1 in Summonings
  1138 | D:2      | Reached skill level 1 in Necromancy
  1138 | D:2      | Reached skill level 1 in Translocations
  1138 | D:2      | Reached skill level 1 in Transmutations
  1138 | D:2      | Reached skill level 1 in Fire Magic
  1138 | D:2      | Reached skill level 1 in Ice Magic
  1138 | D:2      | Reached skill level 1 in Air Magic
  1138 | D:2      | Reached skill level 1 in Earth Magic
  1138 | D:2      | Reached skill level 1 in Poison Magic
  1662 | D:3      | Noticed Jessica
  1674 | D:3      | Killed Jessica
  1674 | D:3      | Reached XP level 5. HP: 39/43 MP: 12/12
  2806 | D:4      | Reached XP level 6. HP: 46/50 MP: 13/13
  2945 | D:4      | Noticed Grinder
  2945 | D:4      | Noticed Menkaure
  2949 | D:4      | Paralysed by Grinder for 5 turns
  2977 | D:4      | Killed from afar by Menkaure

Vault maps used:
D:1:      dpeg_arrival_line_fractal
D:3:      uniq_jessica
D:4:      lemuel_round_altar, uniq_grinder, uniq_menkaure, uniq_pikel

Skill      XL: |  1  2  3  4  5  6 |
---------------+-------------------+-----
Spellcasting   | 5 |  5.3
Invocations    | 1 2 |  2.0
Short Blades   | 1 |  1.8
Axes           | 1 |  1.8
Maces & Flails | 1 |  1.8
Polearms       | 1 |  1.8
Staves         | 1 |  1.8
Slings         | 1 |  1.8
Bows           | 1 |  1.8
Crossbows      | 1 |  1.8
Throwing       | 1 |  1.8
Stealth        | 1 |  1.8
Shields        | 1 |  1.8
Unarmed Combat | 1 |  1.8
Evocations     | 1 |  1.8
Conjurations   | 1 |  1.4
Hexes          | 1 |  1.4
Summonings     | 1 |  1.4
Necromancy     | 1 |  1.4
Translocations | 1 |  1.4
Transmutations | 1 |  1.4
Fire Magic     | 1 |  1.4
Ice Magic      | 1 |  1.4
Air Magic      | 1 |  1.4
Earth Magic    | 1 |  1.4
Poison Magic   | 1 |  1.4
Armour         | 3 |  3.2
Fighting       | |  4.9
Long Blades    | |  4.9
Dodging        | |  4.9
Charms         | |  5.6

Action                   |  1- 3 |  4- 6 || total
-------------------------+-------+-------++-------
Melee: Falchion          |    94 |   150 ||   244
       Bite              |     8 |    20 ||    28
 Cast: Song of Slaying   |       |     2 ||     2
       Shroud of Golubri |       |     1 ||     1
  Use: Scroll            |       |     3 ||     3
 Stab: Sleeping          |       |     3 ||     3
  Eat: Chunk             |       |     7 ||     7
Armor: Leather armour    |    26 |    16 ||    42
       Ring mail         |       |    31 ||    31
Dodge: Dodged            |    81 |   123 ||   204
Block: Buckler           |       |    42 ||    42
       Rpst.: Falchion   |    26 |    40 ||    66

Table legend:
 A = Non-vault XP
 B = Vault XP
 C = Vault XP percentage of total XP
 D = Non-vault monster count
 E = Vault monster count
 F = Vault count percentage of total count
                 A         B        C        D         E       F
            +---------+---------+-------+---------+---------+-------
      Total |     367 |      37 |   9.2 |      82 |       1 |   1.2
            +---------+---------+-------+---------+---------+-------
        D:1 |      41 |       0 |   0.0 |      26 |       0 |   0.0
        D:2 |     107 |       0 |   0.0 |      24 |       0 |   0.0
        D:3 |      93 |      37 |  28.5 |      24 |       1 |   4.0
        D:4 |     126 |       0 |   0.0 |       8 |       0 |   0.0
            +---------+---------+-------+---------+---------+-------
